[Event "Titled Tuesday Blitz October 18 Late 2022"]
[White "Shapiro, Daniel"]
[Black "Omariev, Maksim"]
[WhiteFideId "2001780"]
[BlackFideId "4193423"]
[WhiteElo "2209"]
[BlackElo "2434"]
[Result "1-0"]
[Round "04"]
[TimeControl "180+1"]
[Date "2022.10.19"]
[WhiteClock "0:00:17"]
[BlackClock "0:00:01"]

1. d4 d5 2. c4 c6 3. Nf3 Nf6 4. Qb3 g6 5. Bg5 Bg7 6. e3 O-O 7. Nc3 dxc4 8. Bxc4 b5 9. Be2 Be6 10. Qc2 Nbd7 11. h3 a5 12. O-O Qb6 13. e4 Rfc8 14. Be3 Qb7 15. Ng5 Nf8 16. Rad1 a4 17. b3 axb3 18. axb3 Ra3 19. Rb1 Rca8 20. f4 Bd7 21. Nf3 Be8 22. Ne5 N8d7 23. Nd3 Qb6 24. Bf3 Qb7 25. Nb4 Qb6 26. Rfe1 Qb7 27. e5 Nd5 28. Ncxd5 cxd5 29. Bxd5 Qb8 30. Nc6 Qc8 31. Nxe7+ Kf8 32. Nxc8 Rb8 33. Nd6 Nb6 34. Bc6 Bxc6 35. Qxc6 Ra2 36. Qc5 Kg8 37. Ne4 Bf8 38. Nd6 1-0


[Site "https://www.chess.com"]

[Event "Titled Tuesday Blitz October 18 Late 2022"]
[White "Shimanov, Aleksandr"]
[Black "Firouzja, Alireza"]
[WhiteFideId "4198603"]
[BlackFideId "12573981"]
[WhiteElo "2605"]
[BlackElo "2903"]
[Result "0-1"]
[Round "04"]
[TimeControl "180+1"]
[Date "2022.10.18"]
[WhiteClock "0:00:02"]
[BlackClock "0:00:05"]

1. e4 c5 2. Nf3 d6 3. d4 cxd4 4. Qxd4 a6 5. c4 Nc6 6. Qe3 g6 7. Nc3 Bh6 8. Qd3 Bxc1 9. Rxc1 Nf6 10. Be2 Bg4 11. b3 Bxf3 12. Qxf3 O-O 13. Qe3 Qa5 14. O-O Qc5 15. Qd2 e6 16. Rfd1 Rfd8 17. Bd3 Kg7 18. h3 Qe5 19. Qe3 g5 20. Bb1 Qc5 21. Qg3 Qe5 22. Qe3 h6 23. Rd2 Rac8 24. Rcd1 b5 25. cxb5 axb5 26. Ne2 b4 27. Ng3 Rb8 28. Rc1 Ne7 29. Rc7 Ng6 30. Qd4 d5 31. Qxe5 Nxe5 32. Re2 d4 33. Rd2 Rbc8 34. Rxc8 Rxc8 35. Rd1 Ng6 36. Ne2 e5 37. g3 Nf8 38. Rc1 Rd8 39. Bd3 Ne6 40. f3 Ra8 41. Rc2 Ra5 42. Nc1 h5 43. Kf2 h4 44. g4 Nf4 45. Bf1 Nd7 46. Ke1 Nc5 47. Kd2 Kf6 48. Rc4 Rb5 49. Rc2 d3 50. Nxd3 Ncxd3 51. Bxd3 Rb6 52. Bf1 Rd6+ 53. Ke1 Rb6 54. Rc4 Kg7 55. Kf2 Rd6 56. Ke1 Rb6 57. Rc5 Kf6 58. Rc4 Ne6 59. Kd2 Ke7 60. Ke3 Nf4 61. Rc2 Rd6 62. Rd2 Rc6 63. Kf2 Rc1 64. Rb2 Ra1 65. Rd2 Kf6 66. Rc2 Kg7 67. Rd2 Rc1 68. Rb2 Ne6 69. Rd2 Nd4 70. Bg2 Rc3 71. Bh1 Kf6 72. Bg2 Ke7 73. Bh1 Kd6 74. Bg2 f6 75. Bh1 Kc5 76. Bg2 Ne6 77. Bf1 Nd4 78. Bg2 Rc1 79. Bf1 Kc6 80. Bg2 Rb1 81. Bf1 Ra1 82. Bg2 Nb5 83. Bf1 Nc3 84. Bc4 Rxa2 85. Rxa2 Nxa2 86. Ke3 Nc3 87. Bd3 Kc5 88. Bc4 Nb1 89. Kd3 Na3 90. Ba6 Kb6 91. Bc4 Kc6 92. Ba6 Kc5 93. Bc8 Nb5 94. Ba6 Nd4 0-1


[Site "https://www.chess.com"]

[Event "Titled Tuesday Blitz October 18 Late 2022"]
[White "Shuvalov, Evgenij"]
[Black "Tsaruk, Maksim"]
[WhiteFideId "4187237"]
[BlackFideId "13511173"]
[WhiteElo "2531"]
[BlackElo "2704"]
[Result "0-1"]
[Round "04"]
[TimeControl "180+1"]
[Date "2022.10.19"]
[WhiteClock "0:00:11"]
[BlackClock "0:00:09"]

1. d4 d5 2. c4 e6 3. Nc3 Nf6 4. cxd5 exd5 5. Bg5 c6 6. Qc2 Be7 7. Nf3 Nbd7 8. e3 O-O 9. Bd3 Re8 10. Ne5 Nxe5 11. dxe5 Ne4 12. Bxe7 Qxe7 13. Nxe4 dxe4 14. Bxe4 Qb4+ 15. Kf1 f5 16. Bxf5 Bxf5 17. Qxf5 Qxb2 18. Rd1 Qxa2 19. f4 Rad8 20. Qg4 Rd5 21. h4 b5 22. Rh3 b4 23. Rg3 Rxd1+ 24. Qxd1 Qc4+ 25. Kg1 Qd5 26. Qb1 b3 27. e4 Qd4+ 28. Kh2 b2 29. Rb3 Qf2 30. Rf3 Qxh4+ 31. Kg1 Rb8 32. Rf2 Qd8 33. Kh2 Qd4 34. Rc2 c5 35. e6 h6 36. e7 Qxe4 37. Qa2+ Kh7 38. Rxb2 Rxb2 39. Qxb2 Qxe7 40. Qc2+ Kh8 41. Qf5 Qc7 42. Qe6 c4 43. Qe8+ Kh7 44. Qe4+ g6 45. g3 c3 46. Qc2 Qc5 47. Qb3 c2 48. Qf7+ Kh8 49. Qe8+ Kg7 50. Qd7+ Kf6 51. Qd8+ Ke6 52. Qg8+ Kd6 53. Qf8+ Kc6 54. Qc8+ Kb5 55. Qb7+ Ka4 56. Qa6+ Kb3 57. Qd3+ Kb2 58. Qd2 Kb1 59. Qd3 Kb2 60. Qd2 Qc3 61. Qe2 Kb1 62. Qe4 a5 63. Qxg6 Ka1 64. Qxh6 c1=Q 65. Kh3 Qh1+ 66. Kg4 Qxh6 67. f5 Qcg7+ 68. Kf3 Qh5+ 69. Kf4 Qhg4+ 70. Ke3 Q7d4# 0-1


[Site "https://www.chess.com"]

[Event "Titled Tuesday Blitz October 18 Late 2022"]
[White "Sibilio, Mario"]
[Black "P., Komal Kishore"]
[WhiteFideId "800422"]
[BlackFideId "5016703"]
[WhiteElo "2296"]
[BlackElo "2105"]
[Result "1-0"]
[Round "04"]
[TimeControl "180+1"]
[Date "2022.10.19"]
[WhiteClock "0:00:09"]
[BlackClock "0:00:01"]

1. e4 c6 2. d4 d5 3. e5 Bf5 4. c4 e6 5. Nc3 Ne7 6. g4 Bg6 7. Nh3 h6 8. Nf4 Bh7 9. Be3 Nd7 10. h4 Qa5 11. a3 dxc4 12. Bxc4 b5 13. b4 Qc7 14. Be2 a6 15. Rc1 Nb6 16. Bxb5 axb5 17. Nxb5 Qd7 18. Nd6+ Kd8 19. Nxf7+ Kc7 20. Nxh8 Rxa3 21. O-O Ned5 22. Nxd5+ Nxd5 23. b5 Qd8 24. Rxc6+ Kb7 25. Qf3 Qxh4 26. Rxe6 Qd8 27. Nf7 Qd7 28. Nd6+ Bxd6 29. Qxd5+ 1-0


[Site "https://www.chess.com"]

[Event "Titled Tuesday Blitz October 18 Late 2022"]
[White "Sukandar, Irine Kharisma"]
[Black "Fernandez Siles, Luis"]
[WhiteFideId "7101937"]
[BlackFideId "2209420"]
[WhiteElo "2301"]
[BlackElo "2186"]
[Result "1-0"]
[Round "04"]
[TimeControl "180+1"]
[Date "2022.10.19"]
[WhiteClock "0:00:46"]
[BlackClock "0:00:10"]

1. d4 Nf6 2. Bf4 g6 3. Nc3 d5 4. e3 c6 5. h4 h5 6. Nf3 Bg4 7. Be2 Bxf3 8. gxf3 Nbd7 9. Qd2 e6 10. e4 Bb4 11. a3 Qa5 12. O-O Bxc3 13. bxc3 dxe4 14. fxe4 Nxe4 15. Qd3 Qf5 16. Bh2 O-O 17. Qe3 Nef6 18. Rae1 Kh7 19. Bd6 Rg8 20. f4 Ng4 21. Qg3 Ndf6 22. Bd3 Qd5 23. Be5 Rad8 24. Re2 c5 25. Bxf6 Nxf6 26. Re5 Qd7 27. Qg5 Qe7 28. f5 cxd4 29. fxg6+ fxg6 30. Rxf6 dxc3 31. Qxh5+ Kg7 32. Qxg6+ Kh8 33. Rh5+ 1-0


[Site "https://www.chess.com"]

[Event "Titled Tuesday Blitz October 18 Late 2022"]
[White "Suleymanli, Aydin"]
[Black "Pranav, V"]
[WhiteFideId "13413937"]
[BlackFideId "25060783"]
[WhiteElo "2481"]
[BlackElo "2430"]
[Result "0-1"]
[Round "04"]
[TimeControl "180+1"]
[Date "2022.10.18"]
[WhiteClock "0:00:01"]
[BlackClock "0:00:07"]

1. e4 c5 2. Nf3 d6 3. d4 cxd4 4. Nxd4 Nf6 5. Nc3 a6 6. Be3 Ng4 7. Bc1 Nf6 8. Be3 Ng4 9. Bc1 g6 10. f3 Nf6 11. Be3 Bg7 12. Qd2 Nbd7 13. O-O-O b5 14. h4 Bb7 15. g4 Ne5 16. h5 Qa5 17. h6 Bf8 18. Nb3 Qc7 19. Qf2 Rc8 20. g5 b4 21. Bb6 Qb8 22. Nd5 Nfd7 23. Bd4 e6 24. Ne3 Rg8 25. Bg2 Nc6 26. Ng4 Be7 27. f4 a5 28. Be3 a4 29. Nd2 b3 30. axb3 Nb4 31. Nc4 axb3 32. cxb3 Qa8 33. Kd2 Bxe4 34. Bxe4 Qxe4 35. Ke2 Qc2+ 36. Kf3 Qxb3 37. Nxd6+ Bxd6 38. Rxd6 Nd5 39. Ra1 Qb7 40. Ra7 Qb3 41. Rdxd7 Rc2 42. Qe1 Qb5 43. Nf6+ Nxf6 44. Re7+ Kd8 45. Qd1+ Qd5+ 0-1


[Site "https://www.chess.com"]

[Event "Titled Tuesday Blitz October 18 Late 2022"]
[White "Ter-Sahakyan, Samvel"]
[Black "Osmak, Yuliia"]
[WhiteFideId "13302531"]
[BlackFideId "14101602"]
[WhiteElo "2604"]
[BlackElo "2328"]
[Result "1-0"]
[Round "04"]
[TimeControl "180+1"]
[Date "2022.10.18"]
[WhiteClock "0:00:10"]
[BlackClock "0:00:05"]

1. Nf3 d5 2. d4 Nf6 3. c4 c5 4. cxd5 cxd4 5. Qxd4 Qxd5 6. Nc3 Qxd4 7. Nxd4 a6 8. e4 e5 9. Nb3 Bb4 10. f3 Be6 11. Be3 Nbd7 12. Kf2 Ke7 13. Be2 Rhd8 14. Rac1 Rac8 15. Na4 Bxb3 16. axb3 b5 17. Nb6 Nxb6 18. Bxb6 Re8 19. Rhd1 Nd7 20. Be3 f6 21. g3 Nf8 22. f4 Ne6 23. Bg4 Rxc1 24. Rxc1 Rd8 25. Rc6 Rd6 26. Rc8 Bd2 27. h4 exf4 28. gxf4 Bxe3+ 29. Kxe3 g6 30. b4 h5 31. Bxe6 Kxe6 32. Rg8 Kf7 33. Ra8 Rc6 34. Ra7+ Ke6 35. b3 Rc3+ 36. Kd4 Rxb3 37. Rxa6+ Ke7 38. Kc5 Re3 39. Kd5 Rb3 40. Ra7+ Kf8 41. Kc5 Re3 42. Kxb5 Rxe4 43. Kc5 Rxf4 44. b5 Rxh4 45. b6 Rh1 46. b7 Rc1+ 47. Kd4 Rb1 48. Ra8+ Kg7 49. b8=Q Rxb8 50. Rxb8 g5 51. Ke4 h4 52. Kf5 Kh6 53. Rb7 h3 54. Rb3 Kg7 55. Rxh3 1-0


[Site "https://www.chess.com"]

[Event "Titled Tuesday Blitz October 18 Late 2022"]
[White "Thomforde-Toates, Noah"]
[Black "Paravyan, David"]
[WhiteFideId "30951992"]
[BlackFideId "4194985"]
[WhiteElo "2654"]
[BlackElo "2555"]
[Result "1/2-1/2"]
[Round "04"]
[TimeControl "180+1"]
[Date "2022.10.18"]
[WhiteClock "0:00:18"]
[BlackClock "0:00:19"]

1. d4 Nf6 2. Nc3 d5 3. Bf4 g6 4. e3 Bg7 5. h4 h5 6. Be2 O-O 7. Nf3 c5 8. Ne5 Nc6 9. dxc5 Qa5 10. O-O Bf5 11. Bd3 Bxd3 12. cxd3 Qxc5 13. d4 Qb6 14. Qe2 Rac8 15. Rfc1 e6 16. Na4 Qb4 17. Nc5 Nxe5 18. Bxe5 Rfd8 19. a3 Qb6 20. b4 a6 21. Rab1 Ng4 22. Bxg7 Kxg7 23. g3 Rc7 24. a4 Qd6 25. a5 Rdc8 26. Kg2 Qe7 27. b5 axb5 28. Rxb5 e5 29. Qf3 Nf6 30. Rcb1 exd4 31. exd4 Ne4 32. Nxe4 dxe4 33. Qf4 Rd7 34. Re5 Qd6 35. Rxe4 Qxf4 36. Rxf4 Rcd8 37. Rb6 Rxd4 38. Rxd4 Rxd4 39. Rxb7 Ra4 40. Ra7 Kf6 41. a6 Ra3 42. Ra8 Kf5 43. a7 Kf6 44. Kf1 Ra2 45. Ke1 Kf5 46. f3 Kf6 47. Kd1 Kg7 48. Kc1 Ra6 49. Kb2 Ra5 50. Kc3 Ra1 51. Kb4 Ra2 52. Kc5 Ra1 53. Kd4 Ra2 54. Ke5 Ra1 55. g4 hxg4 56. fxg4 Ra2 57. h5 gxh5 58. gxh5 Ra1 59. h6+ Kh7 60. Kf6 Ra2 61. Kxf7 Ra1 62. Kf6 Ra2 63. Rf8 Rxa7 64. Rf7+ Rxf7+ 65. Kxf7 Kxh6 1/2-1/2


[Site "https://www.chess.com"]

[Event "Titled Tuesday Blitz October 18 Late 2022"]
[White "Tomaszewski, Kacper"]
[Black "Winkels, Marcel"]
[WhiteFideId "1127373"]
[BlackFideId "1003887"]
[WhiteElo "2211"]
[BlackElo "1900"]
[Result "1-0"]
[Round "04"]
[TimeControl "180+1"]
[Date "2022.10.19"]
[WhiteClock "0:00:16"]
[BlackClock "0:00:02"]

1. e4 c5 2. Nf3 d6 3. Bb5+ Nd7 4. O-O a6 5. Bd3 Ngf6 6. c3 e6 7. Bc2 Be7 8. d4 cxd4 9. cxd4 O-O 10. Nc3 b5 11. e5 Nd5 12. Qd3 g6 13. Nxd5 exd5 14. Bh6 Re8 15. Rfe1 Bb7 16. e6 Nf6 17. exf7+ Kxf7 18. Ng5+ Kg8 19. Nxh7 Ne4 20. f3 Kxh7 21. fxe4 dxe4 22. Qh3 Bc8 23. Qg3 d5 24. Rxe4 dxe4 25. Be3 Bh4 26. Qf4 g5 27. Bxe4+ Kg8 28. Qf3 Rf8 29. Bd5+ Kg7 30. Qe4 Bf5 31. Qe5+ Qf6 32. Bxa8 Qxe5 33. dxe5 Rxa8 34. g3 Re8 35. gxh4 gxh4 36. Rf1 Kg6 37. Bd4 h3 38. Rf3 Be4 39. Rg3+ Kf5 40. a3 Bg2 41. Kf2 Rd8 42. Bc3 Rd5 43. Rg8 Rd1 44. Rf8+ Ke4 45. e6 Rf1+ 46. Kg3 Rxf8 47. Bb4 1-0


[Site "https://www.chess.com"]

[Event "Titled Tuesday Blitz October 18 Late 2022"]
[White "Torres Boch, Jose Francisco"]
[Black "Tan, Ralph"]
[WhiteFideId "2278383"]
[BlackFideId "30966590"]
[WhiteElo "2073"]
[BlackElo "2059"]
[Result "0-1"]
[Round "04"]
[TimeControl "180+1"]
[Date "2022.10.19"]
[WhiteClock "0:00:16"]
[BlackClock "0:00:13"]

1. e4 e6 2. d4 d5 3. Nc3 Nf6 4. e5 Nfd7 5. f4 c5 6. Nf3 Nc6 7. Be3 a6 8. Qd2 cxd4 9. Nxd4 Bc5 10. O-O-O Nxd4 11. Bxd4 b5 12. f5 Bxd4 13. Qxd4 Qg5+ 14. Kb1 Qxf5 15. Bd3 Qxe5 16. Qg4 O-O 17. Rde1 Qd6 18. Qh5 Nf6 19. Qh4 e5 20. g4 e4 21. g5 Ng4 22. Nxe4 dxe4 23. Bxe4 g6 24. Bxa8 Bf5 25. Be4 Be6 26. h3 Ne5 27. Qf2 Nc4 28. Bd3 Nb6 29. h4 Na4 30. Qd2 Qd4 31. Qc1 Qb4 32. Ka1 Rc8 33. h5 Qa5 34. b3 Qc3+ 35. Qb2 Qxb2# 0-1


[Site "https://www.chess.com"]

[Event "Titled Tuesday Blitz October 18 Late 2022"]
[White "Ventura Bolet, Maxim"]
[Black "Zverev, Lev"]
[WhiteFideId "22238824"]
[BlackFideId "24250775"]
[WhiteElo "2186"]
[BlackElo "2207"]
[Result "1-0"]
[Round "04"]
[TimeControl "180+1"]
[Date "2022.10.19"]
[WhiteClock "0:00:11"]
[BlackClock "0:00:05"]

1. c4 Nf6 2. g3 e6 3. Bg2 d5 4. Nf3 dxc4 5. Qa4+ Bd7 6. Qxc4 Bc6 7. O-O Be7 8. Nc3 Nbd7 9. Qb3 O-O 10. d4 Nb6 11. a4 a5 12. Bf4 Nfd5 13. Bd2 Nb4 14. Rac1 N6d5 15. Rfd1 Qe8 16. Ra1 Ra6 17. Rdc1 Rb6 18. Qd1 f6 19. Be1 Nxc3 20. bxc3 Na6 21. c4 Nb4 22. c5 Ra6 23. Qb3 Bd5 24. Qb2 Qc6 25. Bxb4 axb4 26. Qxb4 Rfa8 27. a5 b6 28. Qa4 Rxa5 29. Qxc6 Rxa1 30. Qxa8+ Rxa8 31. cxb6 cxb6 32. Rb1 Ra2 33. e3 b5 34. Ne1 Bc4 35. Bf1 Kf7 36. Bxc4 bxc4 37. Rc1 Bd8 38. Nf3 Ra4 39. Nd2 c3 40. Rxc3 Ba5 41. Rc2 Ra1+ 42. Kg2 Ra4 43. Nc4 Bb4 44. Nb6 Ra6 45. Rc7+ Kg6 46. Nc4 Ra2 47. Rb7 Be1 48. Rb2 Ra4 49. Nd2 Ra1 50. Nf3 Bc3 51. Rc2 Ba5 52. h4 h5 53. Nd2 Rd1 54. Nc4 Bb4 55. Nb2 Rb1 56. Nd3 Be7 57. Nf4+ Kf5 58. Nxh5 g5 59. Ng7+ Kg6 60. Nxe6 gxh4 61. gxh4 Kf5 62. Nf4 Bd6 63. Kf3 Bxf4 64. e4+ Kg6 65. Kxf4 Rh1 66. Kg3 Rg1+ 67. Kh2 Re1 68. f3 Re3 69. Kg3 Rd3 70. d5 f5 71. Kf4 fxe4 72. fxe4 Kh5 73. Rg2 Ra3 74. Rg8 Ra1 75. Ke5 Kh6 76. d6 Kh7 77. Rg2 Rd1 78. Ke6 Rd4 79. e5 Rxh4 80. d7 Rf4 81. d8=Q Rf8 82. Rh2+ Kg6 83. Qxf8 Kg5 84. Qg7+ Kf4 85. Qh6+ Kg4 86. Qh4+ Kf3 87. Rh3+ Kg2 88. Qg4+ Kf1 89. Qf3+ Ke1 90. Qg2 Kd1 91. Rh1# 1-0


[Site "https://www.chess.com"]

[Event "Titled Tuesday Blitz October 18 Late 2022"]
[White "Von Buelow, Georg"]
[Black "Vargas, Mauricio"]
[WhiteFideId "4620658"]
[BlackFideId "4404572"]
[WhiteElo "2233"]
[BlackElo "2025"]
[Result "1-0"]
[Round "04"]
[TimeControl "180+1"]
[Date "2022.10.19"]
[WhiteClock "0:02:37"]
[BlackClock "0:01:11"]

1. e4 d5 2. exd5 Qxd5 3. Nc3 Qa5 4. d4 c6 5. Nf3 Qc7 6. Bc4 Bg4 7. h3 Bxf3 8. Qxf3 Nf6 9. Bf4 Qd8 10. O-O-O Nbd7 11. d5 cxd5 12. Nxd5 Nxd5 13. Qxd5 e6 14. Qxb7 Be7 15. Rxd7 Qxd7 16. Qxa8+ Bd8 17. Rd1 Qe7 18. Bb5+ Kf8 19. Rxd8+ Qxd8 20. Qxd8# 1-0


[Site "https://www.chess.com"]

[Event "Titled Tuesday Blitz October 18 Late 2022"]
[White "Ward, Ieuan C"]
[Black "Graif, William"]
[WhiteFideId "406627"]
[BlackFideId "2609835"]
[WhiteElo "2372"]
[BlackElo "2205"]
[Result "0-1"]
[Round "04"]
[TimeControl "180+1"]
[Date "2022.10.19"]
[WhiteClock "0:00:03"]
[BlackClock "0:00:10"]

1. d4 Nf6 2. c4 e5 3. dxe5 Ng4 4. Bf4 Nc6 5. Nf3 f6 6. e6 dxe6 7. Qxd8+ Kxd8 8. Nc3 e5 9. Bd2 Be6 10. e3 Bb4 11. h3 Nh6 12. O-O-O Ke8 13. a3 Bxc3 14. Bxc3 Rd8 15. Be2 Kf7 16. b4 Nf5 17. b5 Nce7 18. Ba5 b6 19. Bb4 c5 20. Bc3 Nd6 21. Nd2 a6 22. a4 axb5 23. axb5 Ra8 24. Kb2 Ra4 25. Ra1 Rha8 26. Rxa4 Rxa4 27. Kb3 Ra7 28. Rc1 Nxb5 29. Bb2 Nd6 30. Bf3 b5 31. Be2 Nc6 32. Kc3 b4+ 33. Kc2 Ra2 34. Kb1 Ra7 35. Nb3 Nb7 36. Bf3 Bf5+ 37. e4 Be6 38. Be2 Nca5 39. Nd2 Ra8 40. f4 exf4 41. e5 fxe5 42. Bxe5 g5 43. h4 h6 44. hxg5 hxg5 45. g3 Rd8 46. Ne4 fxg3 47. Nxg5+ Ke7 48. Nxe6 Kxe6 49. Bxg3 Rd2 50. Bg4+ Kf6 51. Rf1+ Kg6 52. Rf2 Rxf2 53. Bxf2 Nxc4 54. Kc2 Kf6 55. Be2 Ncd6 56. Bf3 Ke5 57. Bg3+ Kd4 58. Bf2+ Kc4 59. Be2+ Kd5 60. Bf3+ Ke5 61. Bg3+ Ke6 62. Bg4+ Kd5 63. Bf3+ Ke6 64. Bg4+ Ke7 65. Bh4+ Ke8 66. Bg3 Kd8 67. Bf3 Kc7 68. Kb3 Kb6 69. Bf2 Kb5 70. Be2+ c4+ 71. Kc2 Nc5 72. Bg3 b3+ 73. Kb2 Nde4 74. Bf4 Kb4 75. Bf3 c3+ 76. Kb1 c2+ 77. Kc1 Nd3# 0-1


[Site "https://www.chess.com"]

[Event "Titled Tuesday Blitz October 18 Late 2022"]
[White "Wiebe, Isaac"]
[Black "Dilanyan, Grigor"]
[WhiteFideId "2623862"]
[BlackFideId "13303570"]
[WhiteElo "2247"]
[BlackElo "2264"]
[Result "1/2-1/2"]
[Round "04"]
[TimeControl "180+1"]
[Date "2022.10.19"]
[WhiteClock "0:00:18"]
[BlackClock "0:00:20"]

1. d4 Nf6 2. c4 c5 3. d5 b5 4. cxb5 a6 5. b6 Qxb6 6. Nc3 g6 7. e4 d6 8. Nf3 Bg7 9. Nd2 O-O 10. Nc4 Qc7 11. h3 Nbd7 12. Bf4 Nb6 13. Ne3 Rd8 14. Be2 Nfd7 15. a4 Ne5 16. O-O Rb8 17. a5 Nbd7 18. Qc2 c4 19. Na4 Qxa5 20. Nxc4 Nxc4 21. Bxc4 Nc5 22. Nxc5 Qxc5 23. Rab1 a5 24. Be3 Qb4 25. b3 Bd7 26. Bd2 Qb6 27. Be3 Qc7 28. Rfc1 Rdc8 29. Bd3 Qxc2 30. Rxc2 Rxc2 31. Bxc2 Rc8 32. Bd3 f5 33. Bd2 Bc3 34. Be3 Bb4 35. Kf1 Rc3 36. Ke2 fxe4 37. Bxe4 Bb5+ 38. Kf3 Bd3 39. Bxd3 Rxd3 40. Ke2 Rxd5 41. Rc1 Kf7 42. Rc8 h5 43. g4 hxg4 44. hxg4 Rb5 45. Kd3 Bc5 46. Bxc5 dxc5 47. Kc4 Rb4+ 48. Kc3 Rxg4 49. Rxc5 a4 50. bxa4 Rxa4 51. Kd3 Rf4 52. Ke3 Rf5 53. Rc6 e6 54. f4 Kf6 55. Ke4 Ra5 56. Rb6 Ra4+ 57. Kf3 Kf5 58. Rb5+ Kf6 59. Kg4 Rd4 60. Rc5 Rd5 61. Rc8 Ra5 62. Rf8+ Ke7 63. Rb8 Ra4 64. Rb7+ Kf6 65. Rb5 Re4 66. Rc5 Rd4 67. Rb5 Rd5 68. Rb8 Kf7 69. Rb7+ Kf6 70. Rb8 Ra5 71. Rf8+ Ke7 72. Rb8 Ra1 73. Rb7+ Kf6 74. Rb5 Rg1+ 75. Kf3 Rf1+ 76. Kg3 Rh1 77. Kf3 Rh5 78. Rb8 Ra5 79. Rf8+ Kg7 80. Rb8 Kf7 81. Kg4 Ra4 82. Rb7+ Kf6 83. Kf3 Ra3+ 84. Kg4 Ra1 85. Rb8 Rg1+ 86. Kf3 g5 87. fxg5+ Rxg5 88. Rb4 Ra5 89. Ke3 Kf5 90. Rc4 e5 91. Rb4 Ra3+ 92. Ke2 e4 93. Rb8 Ra2+ 94. Ke3 Ra3+ 95. Ke2 Ra5 96. Rf8+ Ke5 97. Re8+ Kd4 98. Rd8+ Kc4 99. Rc8+ Kd4 100. Rd8+ Ke5 101. Re8+ Kf4 102. Rf8+ Rf5 103. Rxf5+ Kxf5 104. Ke3 Ke5 105. Ke2 Kf4 106. Kf2 Kg4 107. Ke3 Kf5 108. Ke2 Ke5 109. Ke3 Kd5 110. Ke2 Kd4 111. Kd2 e3+ 112. Ke2 Ke4 113. Ke1 Ke5 114. Ke2 Kf4 115. Ke1 Kf3 116. Kf1 Kf4 117. Ke2 Ke4 118. Ke1 Kd5 119. Ke2 Kd4 120. Ke1 Kd3 121. Kd1 Kc3 122. Ke2 Kd4 123. Ke1 Ke4 124. Ke2 Kf4 125. Ke1 Kf3 126. Kf1 e2+ 127. Ke1 Ke3 1/2-1/2


[Site "https://www.chess.com"]

[Event "Titled Tuesday Blitz October 18 Late 2022"]
[White "Winterberg, Lukas"]
[Black "Ozalp, Burak"]
[WhiteFideId "24622702"]
[BlackFideId "6314210"]
[WhiteElo "2349"]
[BlackElo "2106"]
[Result "0-1"]
[Round "04"]
[TimeControl "180+1"]
[Date "2022.10.19"]
[WhiteClock "0:00:05"]
[BlackClock "0:00:06"]

1. Nf3 g6 2. e4 Bg7 3. d4 d6 4. c4 Nf6 5. Nc3 O-O 6. Be2 e5 7. O-O exd4 8. Nxd4 Re8 9. f3 c6 10. Be3 d5 11. cxd5 cxd5 12. Qb3 dxe4 13. fxe4 Nbd7 14. Rad1 Nc5 15. Qa3 Qe7 16. Bg5 Qe5 17. Nf3 Qc7 18. Bxf6 Be6 19. Bxg7 Kxg7 20. e5 b6 21. Nd4 Bd7 22. Bc4 Re7 23. e6 Bxe6 24. Nxe6+ Nxe6 25. Nd5 Qxc4 26. Qxe7 Rf8 27. Qf6+ Kh6 28. Nf4 Qc5+ 29. Kh1 Ng5 30. h4 Ne4 31. Qd4 Ng3+ 32. Kg1 Qf5 33. Kh2 Qg4 34. Rf2 Qxh4+ 35. Kg1 Nf5 36. Ne2 Nxd4 37. Rxd4 Qe7 38. Rdf4 Kg7 39. Kh2 Qe5 40. Kg1 f6 41. R4f3 Rd8 42. Ng3 Rd1+ 43. Kh2 Rd4 44. Rc3 Rh4+ 45. Kg1 Kh6 46. Nf1 Rf4 47. Rxf4 Qxf4 48. Rf3 Qd4+ 49. Rf2 g5 50. g3 Kg6 51. Kg2 f5 52. Nd2 Qd5+ 53. Kg1 h5 54. Nf3 h4 55. gxh4 g4 56. Nd2 g3 57. Re2 f4 58. Kf1 f3 59. Nxf3 Qxf3+ 60. Ke1 g2 61. Rf2 g1=Q+ 62. Kd2 Qgxf2+ 0-1


[Site "https://www.chess.com"]

[Event "Titled Tuesday Blitz October 18 Late 2022"]
[White "Yano, William Jorge Froes"]
[Black "Papp, Petra"]
[WhiteFideId "2112949"]
[BlackFideId "739049"]
[WhiteElo "2122"]
[BlackElo "2259"]
[Result "0-1"]
[Round "04"]
[TimeControl "180+1"]
[Date "2022.10.19"]
[WhiteClock "0:00:12"]
[BlackClock "0:00:40"]

1. e4 e5 2. Nc3 Nf6 3. f4 d5 4. fxe5 Nxe4 5. Nf3 Bc5 6. Qe2 Bf2+ 7. Kd1 Nxc3+ 8. dxc3 Bb6 9. Bf4 O-O 10. Kd2 c5 11. Rd1 Nc6 12. Kc1 Be6 13. h4 d4 14. Qf2 Qe7 15. c4 Bc7 16. Bd3 b5 17. Ng5 h6 18. Be4 Nxe5 19. Bxe5 Bxe5 20. Bxa8 Rxa8 21. Nxe6 Qxe6 22. Rhe1 bxc4 23. Re2 f6 24. Rde1 Rb8 25. Qf3 Kh8 26. g4 Qb6 27. b3 d3 28. Rxe5 fxe5 29. Rxe5 cxb3 30. a3 b2+ 31. Kd2 b1=Q 0-1


[Site "https://www.chess.com"]

[Event "Titled Tuesday Blitz October 18 Late 2022"]
[White "Yeletsky, Ivan"]
[Black "Ozer, Omer Faruk"]
[WhiteFideId "24180327"]
[BlackFideId "6354564"]
[WhiteElo "2391"]
[BlackElo "2260"]
[Result "1-0"]
[Round "04"]
[TimeControl "180+1"]
[Date "2022.10.18"]
[WhiteClock "0:00:47"]
[BlackClock "0:00:04"]

1. Nf3 Nf6 2. b3 g6 3. Bb2 Bg7 4. d4 a5 5. a4 O-O 6. e3 d6 7. Be2 Nc6 8. O-O e5 9. dxe5 Ng4 10. Nc3 Ngxe5 11. Qd2 Nd7 12. Rab1 Nc5 13. Nd5 Bxb2 14. Rxb2 Be6 15. Bb5 Bxd5 16. Qxd5 Qf6 17. Rbb1 Ne7 18. Qd4 Qf5 19. Rbc1 Rfd8 20. Qh4 Qe4 21. Qh3 Qe6 22. Qh6 Nf5 23. Qf4 c6 24. Be2 Ne4 25. Bd3 d5 26. h4 Nfd6 27. Ng5 Nxg5 28. hxg5 Rf8 29. c4 dxc4 30. bxc4 c5 31. Rb1 Ra6 32. Rfd1 Rc6 33. Be2 Ne4 34. Rxb7 Nc3 35. Rd2 Rb6 36. Bg4 Qc6 37. Rxf7 Rxf7 38. Rd8+ Kg7 39. Qe5+ Rf6 40. gxf6+ Qxf6 41. Rd7+ Kh6 42. Qh2+ Kg5 43. f4+ Kxg4 44. Qh3# 1-0


[Site "https://www.chess.com"]

[Event "Titled Tuesday Blitz October 18 Late 2022"]
[White "Yi, Richard"]
[Black "Erdogdu, Mert"]
[WhiteFideId "2079518"]
[BlackFideId "6301495"]
[WhiteElo "2147"]
[BlackElo "2413"]
[Result "0-1"]
[Round "04"]
[TimeControl "180+1"]
[Date "2022.10.18"]
[WhiteClock "0:00:03"]
[BlackClock "0:00:34"]

1. c4 e6 2. Nf3 d5 3. d4 c5 4. cxd5 exd5 5. g3 Nf6 6. Bg2 Nc6 7. O-O Be7 8. dxc5 Bxc5 9. a3 Ne4 10. b4 Bb6 11. Nfd2 f5 12. Bb2 O-O 13. Nc3 Nxc3 14. Bxc3 d4 15. Bb2 Be6 16. b5 Na5 17. Nf3 Nb3 18. Rb1 Qd7 19. Qd3 Rad8 20. Ne5 Qc7 21. Nf3 Bc4 22. Qd1 Rfe8 23. Re1 Ba5 24. Rf1 Rxe2 25. Bxd4 Nxd4 26. Nxd4 Rd2 27. b6 axb6 28. Nb5 Bxb5 29. Qb3+ Bc4 30. Rfc1 b5 31. Qf3 Bb6 32. Qxf5 Rxf2 0-1


[Site "https://www.chess.com"]

[Event "Titled Tuesday Blitz October 18 Late 2022"]
[White "Yuan, Qingyu"]
[Black "Bok, Benjamin"]
[WhiteFideId "8609772"]
[BlackFideId "1017063"]
[WhiteElo "2359"]
[BlackElo "2658"]
[Result "0-1"]
[Round "04"]
[TimeControl "180+1"]
[Date "2022.10.18"]
[WhiteClock "0:00:04"]
[BlackClock "0:00:07"]

1. d4 Nf6 2. Bf4 c5 3. e3 Qb6 4. Nc3 d5 5. Nb5 Na6 6. a4 e6 7. Nf3 Be7 8. h3 O-O 9. Be2 Bd7 10. O-O c4 11. b3 cxb3 12. cxb3 Rfc8 13. Ne5 Bxb5 14. axb5 Nb4 15. Rc1 Ne4 16. f3 Nc3 17. Qd2 Nba2 18. Ra1 Nxe2+ 19. Qxe2 Nc3 20. Qd3 Qxb5 21. Qxb5 Nxb5 22. Rfc1 f6 23. Nd3 Kf7 24. Kf1 b6 25. Ke1 Ke8 26. Kd2 Kd7 27. h4 Rxc1 28. Rxc1 Rc8 29. h5 Rxc1 30. Kxc1 Bd6 31. Kc2 a5 32. Kb2 Bxf4 33. Nxf4 Kd6 34. Ne2 e5 35. Kc2 Ke6 36. Kd3 Nd6 37. g4 g6 38. hxg6 hxg6 39. Nc3 b5 40. Ne2 Kd7 41. Nc3 Kc6 42. g5 exd4 43. Kxd4 Nf5+ 44. Kd3 fxg5 45. e4 Ne7 46. Kd4 dxe4 47. Nxe4 Nf5+ 48. Kc3 Kd5 49. Nxg5 Ke5 50. Kd3 Kf4 51. Ne6+ Kxf3 52. Nc7 Nd6 53. Ne6 Kg4 54. Kd4 a4 55. bxa4 bxa4 56. Kc3 a3 57. Kb3 Nb5 0-1


[Site "https://www.chess.com"]